 Dungeon Crawl Stone Soup version 0.29-a0-553-g81b289dbe5 (webtiles) character file.

Game seed: 11739064512188887536

1987 HessuHobo the Shield-Bearer (level 9, -1/73 HPs)
             Began as a Gnoll Fighter on June 7, 2022.
             Was an Initiate of the Shining One.
             Slain by a hornet (11 damage)
             ... on level 8 of the Dungeon.
             The game lasted 00:10:39 (6420 turns).

HessuHobo the Shield-Bearer (Gnoll Fighter)         Turns: 6420, Time: 00:10:39

Health: -1/73      AC: 17    Str: 20    XL:     9   Next: 21%
Magic:  15/15      EV:  6    Int:  7    God:    the Shining One [......]
Gold:   410        SH:  0    Dex: 12    Spells: 16/16 levels left

rFire   . . .      SeeInvis .   d - +6 shillelagh "Devastator" {shatter}
rCold   . . .      Faith    .   q - +0 kite shield
rNeg    . . .      Spirit   .   E - +0 plate armour
rPois   .          Reflect  .   (no helmet)
rElec   .          Harm     .   r - +0 cloak
rCorr   .          Rampage  .   v - +1 pair of gloves
Will    +....                   (no boots)
Stlth   ..........              (no amulet)
HPRegen 0.22/turn               t - ring of willpower
MPRegen 0.14/turn               (no ring)

@: confused, lethally poisoned (-1 -> -7), ambrosia-drunk, hasted and slowed,
glowing
A: fangs 1, strong nose, distributed training
a: Renounce Religion


You were on level 8 of the Dungeon.
You worshipped the Shining One.
The Shining One was noncommittal.
You visited 2 branches of the dungeon, and saw 9 of its levels.

You collected 410 gold pieces.

Inventory:

Hand Weapons
 a - a +0 war axe
 d - the +6 shillelagh "Devastator" (weapon) {shatter}
   (You found it on level 5 of the Dungeon)

   It releases a powerful concussive burst when it strikes, dealing extra damage
   to the target and all other foes adjacent to them.
 s - a +4 quarterstaff of chaos
 w - a +0 flail of protection
Missiles
 l - 12 poisoned darts (quivered)
 n - 4 datura-tipped darts
Armour
 b - a +0 scale mail
 c - a +0 buckler
 i - a scarf of invisibility
 o - a +0 troll leather armour
 q - a +0 kite shield (worn)
 r - a +0 cloak (worn)
 v - a +1 pair of gloves (worn)
 E - a +0 plate armour (worn)
 H - the +2 robe of the Guild-Master {-Tele rPois Will+ Regen+}
   (You found it on level 6 of the Dungeon)

   rPois:     It protects you from poison.
   -Tele:     It prevents most forms of teleportation.
   Regen:     It increases your rate of health regeneration.
   Will:      It increases your willpower.
Jewellery
 t - a ring of willpower (left hand)
 J - an amulet of regeneration
Scrolls
 e - 2 scrolls of teleportation
 g - 2 scrolls of vulnerability {unknown}
 j - a scroll of torment {unknown}
 k - a scroll of noise {unknown}
 y - a scroll of amnesia {unknown}
 A - 2 scrolls of enchant armour {unknown}
 C - 2 scrolls of poison {unknown}
 D - a scroll of immolation {unknown}
 G - a scroll of identify
 I - a scroll of summoning {unknown}
 K - a scroll of silence {unknown}
Potions
 f - 3 potions of curing
 h - a potion of flight {unknown}
 m - 2 potions of haste
 p - 2 potions of degeneration {unknown}
 u - 2 potions of lignification
 x - a potion of magic {unknown}
 z - a potion of heal wounds {unknown}
 B - 2 potions of ambrosia
 F - a potion of attraction {unknown}


   Skills:
 + Level 7.7 Fighting
 + Level 4.0 Short Blades
 + Level 4.0 Long Blades
 + Level 6.1 Axes
 + Level 4.0 Maces & Flails
 + Level 4.0 Polearms
 + Level 4.0 Staves
 + Level 4.0 Slings
 + Level 4.0 Bows
 + Level 4.0 Crossbows
 + Level 4.0 Throwing
 + Level 7.7 Armour
 + Level 4.0 Dodging
 + Level 4.0 Stealth
 + Level 7.7 Shields
 + Level 4.0 Unarmed Combat
 + Level 4.0 Spellcasting
 + Level 3.3 Conjurations
 + Level 3.3 Hexes
 + Level 3.3 Summonings
 + Level 3.3 Necromancy
 + Level 3.3 Translocations
 + Level 3.3 Transmutations
 + Level 3.3 Fire Magic
 + Level 3.3 Ice Magic
 + Level 3.3 Air Magic
 + Level 3.3 Earth Magic
 + Level 3.3 Poison Magic
 + Level 4.4 Invocations
 + Level 4.0 Evocations


You had 16 spell levels left.
You didn't know any spells.
Your spell library contained the following spells:

 Spells                   Type           Power      Damage    Failure   Level
 Beastly Appendage        Tmut           12%        N/A       99%         1
 Blink                    Tloc           12%        N/A       99%         2
 Wereblood                Tmut           6%         N/A       99%         2
 Dazzling Flash           Conj/Hex       12%        N/A       100%        3
 Lesser Beckoning         Tloc           6%         N/A       100%        3
 Spider Form              Tmut/Pois      6%         N/A       100%        3
 Airstrike                Air            3%         N/A       100%        4
 Iskenderun's Mystic Bla  Conj/Tloc      6%         2d4       100%        4
 Summon Lightning Spire   Summ/Air       6%         N/A       100%        4
 Agony                    Necr           6%         N/A       100%        5
 Lightning Bolt           Conj/Air       3%         1d14      100%        5
 Manifold Assault         Tloc           6%         N/A       100%        5
 Silence                  Hex/Air        3%         N/A       100%        5
 Starburst                Conj/Fire      3%         6d3       100%        6


Dungeon Overview and Level Annotations

Branches:
Dungeon (8/15)             Temple (1/1) D:6
   Lair: D:8-11

Altars:
Ashenzari
Cheibriados
Dithmenos
Elyvilon
Fedhas
Gozag
Hepliaklqana
Kikubaaqudgha
Makhleb
Nemelex Xobeh
Okawaru
Qazlal
Ru
Sif Muna
Trog
Uskayaw
Vehumet
Wu Jian
Xom
Yredelemnul
Zin
The Shining One

Annotations:
D:3 3 runed translucent doors, HessuHobo's ghost, amateur GrFi
D:4 2 transporters, paps's ghost, novice OpSu


Innate Abilities, Weirdness & Mutations

You have very sharp teeth.
Your uncanny sense of smell can sniff out nearby items.
Your experience applies equally to all skills.


Message History

You feel yourself speed up. The hornet stings you!
You feel yourself slow down.
The hornet stings you but does no damage.
You barely miss the hornet.
The hornet is heavily wounded.
The hornet stings you!
You suddenly lose the ability to move!
The hornet stings you.
You are poisoned.
You feel as though you will be slow longer.
You feel yourself speed up.
You feel very sick. The hornet stings you!
You are more poisoned.
You feel yourself slow down.
You feel yourself speed up.
You feel very sick.
The hornet stings you but does no damage. x2
You can move again.
You feel better. You block the hornet's attack.
You hit the hornet.
The hornet shudders.
The hornet is heavily wounded.
You block the hornet's attack.
You closely miss the hornet. Your bite misses the hornet.
The hornet is heavily wounded.
The hornet stings you!
* * * LOW HITPOINT WARNING * * *
You feel yourself slow down.
You are confused.
You feel invigorated.
You feel yourself speed up. The hornet stings you!
* * * LOW HITPOINT WARNING * * *
You feel yourself slow down. The hornet stings you!
* * * LOW HITPOINT WARNING * * *
You are lethally poisoned!
You feel as though you will be slow longer.
You bump into the rock wall.
You feel very sick. The hornet stings you!
You die...

.. #.#
#.#.### #
###.#..)###
..
.>.#.#...
.. #..#...#
#.##.....#
#..y@...#
####...##
##.## ...
#.# ... #.#
... ##'##
#.# ..
##...## #.#
#.#
##..(..##
### #.#
##..#
##.......##
##.###.#


You could see a hornet.

Vanquished Creatures
  A wraith (D:8)
  A water moccasin (D:7)
  2 ice beasts
  4 ogres (D:5)
  A kobold brigand (D:6)
  A bullfrog (D:6)
  A scorpion (D:6)
  7 wights (D:6)
  4 killer bees (D:6)
  Crazy Yiuf (D:2)
  5 orc priests
  A jelly (D:6)
  3 iguanas (D:6)
  An orc wizard (D:3)
  7 adders
  A white imp (D:6)
  An ufetubus (D:6)
  2 worms
  13 orcs
  6 endoplasms
  2 giant cockroaches
  7 goblins
  5 hobgoblins
  5 quokkas
  11 ball pythons
  5 bats
  A frilled lizard (D:1)
  11 kobolds
  2 rats
112 creatures vanquished.

Vanquished Creatures (others)
  5 fungi
  A plant (D:3)
6 creatures vanquished.

Grand Total: 118 creatures vanquished

Notes
Turn   | Place    | Note
-------+----------+-------------------------------------------
     0 | D:1      | HessuHobo the Gnoll Fighter began the quest for the Orb.
     0 | D:1      | Reached XP level 1. HP: 23/23 MP: 1/1
   167 | D:1      | Reached XP level 2. HP: 22/29 MP: 2/2
   631 | D:1      | Reached XP level 3. HP: 32/35 MP: 3/3
  1030 | D:2      | Reached skill level 1 in Invocations
  1545 | D:2      | Reached skill level 1 in Short Blades
  1545 | D:2      | Reached skill level 1 in Long Blades
  1545 | D:2      | Reached skill level 1 in Maces & Flails
  1545 | D:2      | Reached skill level 1 in Polearms
  1545 | D:2      | Reached skill level 1 in Staves
  1545 | D:2      | Reached skill level 1 in Slings
  1545 | D:2      | Reached skill level 1 in Bows
  1545 | D:2      | Reached skill level 1 in Crossbows
  1545 | D:2      | Reached skill level 1 in Throwing
  1545 | D:2      | Reached skill level 1 in Dodging
  1545 | D:2      | Reached skill level 1 in Stealth
  1545 | D:2      | Reached skill level 1 in Unarmed Combat
  1545 | D:2      | Reached skill level 1 in Spellcasting
  1545 | D:2      | Reached skill level 1 in Evocations
  2011 | D:2      | Found a runed translucent door.
  2012 | D:2      | Noticed Crazy Yiuf
  2025 | D:2      | HP: 1/33 [Crazy Yiuf/+4 quarterstaff of chaos (6)]
  2027 | D:2      | Killed Crazy Yiuf
  2028 | D:2      | Reached XP level 4. HP: 3/41 MP: 5/5
  2177 | D:3      | Found a faded altar of an unknown god.
  2284 | D:3      | Noticed HessuHobo's ghost (amateur GrFi)
  2287 | D:3      | Noticed a sky beast
  2324 | D:3      | Reached skill level 1 in Conjurations
  2324 | D:3      | Reached skill level 1 in Hexes
  2324 | D:3      | Reached skill level 1 in Summonings
  2324 | D:3      | Reached skill level 1 in Necromancy
  2324 | D:3      | Reached skill level 1 in Translocations
  2324 | D:3      | Reached skill level 1 in Transmutations
  2324 | D:3      | Reached skill level 1 in Fire Magic
  2324 | D:3      | Reached skill level 1 in Ice Magic
  2324 | D:3      | Reached skill level 1 in Air Magic
  2324 | D:3      | Reached skill level 1 in Earth Magic
  2324 | D:3      | Reached skill level 1 in Poison Magic
  2418 | D:3      | Found a runed translucent gate.
  2419 | D:3      | Found a runed translucent gate.
  2420 | D:3      | Found a runed translucent gate.
  2532 | D:3      | Reached XP level 5. HP: 47/47 MP: 6/6
  3194 | D:4      | Found a transporter.
  3194 | D:4      | Noticed paps's ghost (novice OpSu)
  3211 | D:4      | Found a white marble altar of Elyvilon.
  3348 | D:4      | Noticed a phantom
  3360 | D:4      | Found a shadowy altar of Dithmenos.
  3510 | D:4      | Found a transporter.
  3714 | D:5      | Entered Level 5 of the Dungeon
  3721 | D:5      | Noticed an ogre
  3810 | D:5      | Noticed an ice beast
  3821 | D:5      | Killed an ice beast
  3822 | D:5      | Reached skill level 5 in Axes
  3822 | D:5      | Reached XP level 6. HP: 35/53 MP: 8/8
  4086 | D:5      | Found the +6 shillelagh "Devastator" {shatter}
  4242 | D:5      | Reached XP level 7. HP: 37/60 MP: 10/10
  4684 | D:6      | Reached XP level 8. HP: 66/67 MP: 12/12
  5190 | D:6      | Found a staircase to the Ecumenical Temple.
  5226 | Temple   | Entered the Ecumenical Temple
  5598 | Temple   | Became a worshipper of the Shining One
  5841 | D:6      | Identified the +2 robe of the Guild-Master {-Tele rPois
                  | Will+ Regen+}
  6045 | D:7      | Reached XP level 9. HP: 73/73 MP: 14/14
  6082 | D:7      | Noticed a hornet
  6084 | D:7      | Paralysed by a hornet for 3 turns
  6404 | D:8      | Noticed a hornet
  6413 | D:8      | Paralysed by a hornet for 3 turns
  6420 | D:8      | Slain by a hornet

Illustrated notes

Levels and vault maps discovered:
D:1:      dpeg_arrival_rooms_with_view, layout_loops_ring, nrook_mini_backslash
D:2:      layout_basic, uniq_crazy_yiuf_cottage
D:3:      layout_loops_ring, dreamdust_ecumenical_altar_hidden_monk_grotto,
          gammafunk_ghost_split
D:4:      layout_cave_pools, mainiacjoe_overflow_paths, elyvilon_altar_3,
          gammafunk_ghost_mausoleum
D:5:      layout_loops_ring, dilly_guarded_unrand_devastator
D:6:      layout_basic, temple_doors_cd
D:7:      layout_loops_ring
D:8:      minmay_the_grid_square_5x5_3x3 [minmay_the_grid_square_5x5_empty,
          minmay_the_grid_square_5x5_inner_i, minmay_the_grid_square_5x5_mess,
          minmay_the_grid_square_5x5_bridge,
          minmay_the_grid_square_5x5_megaprize_hollow,
          minmay_the_grid_square_5x5_fancy_junction,
          minmay_the_grid_square_5x5_minivault,
          minmay_the_grid_square_5x5_doubleslash,
          minmay_the_grid_square_5x5_gyroscope], layout_loops_corners
Temple:   mainiacjoe_temple_cubbyholes

Skill      XL: |  1  2  3  4  5  6  7  8  9 |
---------------+----------------------------+-----
Invocations    | 1 2 3 4 |  4.4
Short Blades   | 1 2 3 4 |  4.0
Long Blades    | 1 2 3 4 |  4.0
Maces & Flails | 1 2 3 4 |  4.0
Polearms       | 1 2 3 4 |  4.0
Staves         | 1 2 3 4 |  4.0
Slings         | 1 2 3 4 |  4.0
Bows           | 1 2 3 4 |  4.0
Crossbows      | 1 2 3 4 |  4.0
Throwing       | 1 2 3 4 |  4.0
Dodging        | 1 2 3 4 |  4.0
Stealth        | 1 2 3 4 |  4.0
Unarmed Combat | 1 2 3 4 |  4.0
Spellcasting   | 1 2 3 4 |  4.0
Evocations     | 1 2 3 4 |  4.0
Conjurations   | 1 2 3 |  3.3
Hexes          | 1 2 3 |  3.3
Summonings     | 1 2 3 |  3.3
Necromancy     | 1 2 3 |  3.3
Translocations | 1 2 3 |  3.3
Transmutations | 1 2 3 |  3.3
Fire Magic     | 1 2 3 |  3.3
Ice Magic      | 1 2 3 |  3.3
Air Magic      | 1 2 3 |  3.3
Earth Magic    | 1 2 3 |  3.3
Poison Magic   | 1 2 3 |  3.3
Axes           | 5 6 |  6.1
Fighting       | 7 |  7.7
Armour         | 7 |  7.7
Shields        | 7 |  7.7

Action                   |  1- 3 |  4- 6 |  7- 9 || total
-------------------------+-------+-------+-------++-------
Melee: War axe           |   114 |    30 |       ||   144
       Bite              |     8 |    16 |    10 ||    34
       Flail             |       |   109 |     6 ||   115
       Shillelagh        |       |       |   100 ||   100
Throw: Dart              |       |     6 |       ||     6
  Use: Scroll            |       |     3 |     3 ||     6
       Potion            |       |     1 |     4 ||     5
Armor: Scale mail        |    53 |       |       ||    53
       Troll leather arm |     4 |    59 |    14 ||    77
       Plate armour      |       |       |    25 ||    25
Dodge: Dodged            |    53 |    58 |    44 ||   155
Block: Buckler           |    31 |       |       ||    31
       Kite shield       |     4 |    80 |    48 ||   132

Table legend: (Time is in decaauts)
 A = Elapsed time spent in this place.
 B = Non-inter-level travel time spent in this place.
 C = Inter-level travel time spent in this place.
 D = Time resting spent in this place.
 E = Time spent auto-exploring this place.
 F = Levels seen in this place.
 G = Mean time per level.
                   A        B        C        D        E       F      G
               +--------+--------+--------+--------+--------+-----+--------+
         Total |   6541 |   5917 |    624 |    966 |   3698 |   9 |  726.8 |
       Dungeon |   6132 |   5602 |    530 |    966 |   3396 |   8 |  766.5 |
        Temple |    408 |    314 |     94 |      0 |    302 |   1 |  408.0 |
               +--------+--------+--------+--------+--------+-----+--------+

Top non-repeatable levels by time:
     D:2: 1144 daAuts
     D:1: 990 daAuts
     D:6: 898 daAuts
     D:5: 896 daAuts
     D:3: 871 daAuts
     D:4: 850 daAuts
  Temple: 408 daAuts
     D:8: 274 daAuts
     D:7: 207 daAuts
